 Dungeon Crawl Stone Soup version 0.29-a0-91-gdebf4667c2 (webtiles) character file.

Game seed: 15202332402119852575

68 lordive the Sneak (level 4, -2/26 HPs)
             Began as a Kobold Brigand on Feb 7, 2022.
             Killed by divine providence
             ... invoked by an orc priest
              (14 damage)
             ... on level 3 of the Dungeon.
             The game lasted 00:02:57 (2515 turns).

lordive the Sneak (Kobold Brigand)                  Turns: 2515, Time: 00:02:58

Health: -2/26      AC:  8    Str: 12    XL:     4   Next: 41%
Magic:  4/4        EV: 13    Int: 14    God:
Gold:   99         SH:  0    Dex: 16    Spells: 3/3 levels left

rFire   . . .      SeeInvis .   a - +2 dagger
rCold   . . .      Faith    .   (no shield)
rNeg    + . .      Spirit   .   l - +2 ring mail of Usecauted {Harm Str+4}
rPois   .          Reflect  .   (no helmet)
rElec   .          Harm     +   c - +0 cloak
rCorr   .          Rampage  .   (no gloves)
Will    .....                   (no boots)
Stlth   ++++......              (no amulet)
HPRegen 0.08/turn               g - ring of positive energy
MPRegen 0.09/turn               (no ring)

@: no status effects
A: small, no large weapons, nightstalker 3
a: no special abilities


You were on level 3 of the Dungeon.
You visited 1 branch of the dungeon, and saw 3 of its levels.

You collected 99 gold pieces.

Inventory:

Hand Weapons
 a - a +2 dagger (weapon)
Missiles
 d - 12 poisoned darts (quivered)
 e - 2 curare-tipped darts
 k - 54 bolts
Armour
 b - a +0 robe
 c - a +0 cloak (worn)
 l - the +2 ring mail of Usecauted (worn) {Harm Str+4}
   (You found it on level 3 of the Dungeon)

   Str:       It affects your strength (+4).
   Harm:      It increases damage dealt and taken.
 p - a +0 buckler
Jewellery
 f - a ring of fire
 g - a ring of positive energy (left hand)
Scrolls
 h - a scroll of fog {unknown}
 i - 2 scrolls of vulnerability {unknown}
 m - 2 scrolls of amnesia {unknown}
 n - 2 scrolls of identify {unknown}
 o - 2 scrolls of teleportation {unknown}
 q - a scroll of noise {unknown}
Potions
 j - a potion of curing


   Skills:
 * Level 2.3 Fighting
 + Level 3.5 Short Blades
 + Level 2.3 Throwing
 * Level 2.0 Dodging
 + Level 6.8 Stealth


You had 3 spell levels left.
You didn't know any spells.
Your spell library contained the following spells:

 Spells                   Type           Power      Damage    Failure   Level
 Animate Dead             Necr           0%         N/A       100%        4
 Haunt                    Necr/Summ      0%         N/A       100%        7
 Infestation              Necr           0%         N/A       100%        8


Dungeon Overview and Level Annotations

Branches:
Dungeon (3/15)

Altars:


Innate Abilities, Weirdness & Mutations

You are small and have problems with some larger weapons.
You are completely attuned to the shadows.


Message History

The dart slug is almost dead.
You hit the dart slug.
You kill the dart slug!
Your Dodging skill increases to level 2!
No target in view!
No target in view!
No target in view!
No target in view!
No target in view!
No target in view!
No target in view!
No target in view!
No target in view!
No target in view!
No target in view!
No target in view!
Okay, then.
You open the door.
There is an open door here.
q - a scroll labelled RANIENG MUOXI A ball python comes into view.
The orc priest shouts!
You hear an angry hiss.
The ball python hisses angrily.
A frilled lizard comes into view.
There are monsters nearby!
There are monsters nearby!
There are monsters nearby!
The orc priest mumbles some strange prayers to Beogh against you.
Beogh smites you!
Ouch! That really hurt!
The ball python bites you but does no damage.
The ball python grabs you. The ball python constricts you.
You escape the ball python's grasp.
You closely miss the ball python. The ball python closely misses you.
The ball python grabs you. The ball python constricts you.
You hit the ball python.
You kill the ball python!
The orc priest invokes the aid of Beogh against you.
Beogh smites you!
Ouch! That really hurt!
You die...

.....' ..[.....'.....
.....# .........#.....
.....##.8.8.8†8.##.....
......##.#...#.##......
.......##.....##.......
.!....o.##...##........
..####.####'####.#.#..#
. #l# #..#.##.#÷#..#
#@# #.##.##.#.#..# #.#
#.##.##.#.#...
#.###.##.##.#÷##.#
#.....##.##.#.)..#
########.##.######
#.##.# #.##.# #....#
######


You could see an orc priest and a frilled lizard.

Vanquished Creatures
  An adder (D:2)
  A worm (D:3)
  2 dart slugs
  2 orcs (D:3)
  5 ball pythons
  3 endoplasms
  A giant cockroach (D:2)
  2 goblins
  7 hobgoblins
  2 jackals (D:3)
  5 kobolds
  4 quokkas
  5 bats
  A frilled lizard (D:3)
  7 rats
48 creatures vanquished.

Notes
Turn   | Place    | Note
-------+----------+-------------------------------------------
     0 | D:1      | lordive the Kobold Brigand began the quest for the Orb.
     0 | D:1      | Reached XP level 1. HP: 12/12 MP: 1/1
   197 | D:1      | Reached XP level 2. HP: 15/17 MP: 2/2
   297 | D:1      | Reached skill level 6 in Stealth
   632 | D:1      | Reached XP level 3. HP: 21/21 MP: 3/3
  1458 | D:2      | Found a faded altar of an unknown god.
  1657 | D:2      | Reached XP level 4. HP: 26/26 MP: 4/4
  2406 | D:3      | Identified the +2 ring mail of Usecauted {Harm Str+4}
  2515 | D:3      | Killed from afar by an orc priest

Illustrated notes

Levels and vault maps discovered:
D:1:      lightli_arrival_statuegarden, layout_basic, minmay_unequal
D:2:      layout_basic, hellmonk_ecumenical_altar_leap_of_faith
D:3:      layout_basic, dk_noncrumbling_3

Skill      XL: |  1  2  3  4 |
---------------+-------------+-----
Stealth        | 6 |  6.8
Short Blades   | 3 |  3.5
Dodging        | 2 |  2.0
Fighting       | |  2.3
Throwing       | |  2.3

Action                   |  1- 3 |  4- 6 || total
-------------------------+-------+-------++-------
Melee: Dagger            |    69 |    47 ||   116
       Punch             |     1 |     1 ||     2
Throw: Dart              |     6 |       ||     6
       Throwing net      |     1 |       ||     1
  Use: Potion            |     2 |       ||     2
 Stab: Sleeping          |    23 |     3 ||    26
Armor: Robe              |    18 |     8 ||    26
       Ring mail         |       |     3 ||     3
Dodge: Dodged            |    53 |    23 ||    76

Table legend: (Time is in decaauts)
 A = Elapsed time spent in this place.
 B = Non-inter-level travel time spent in this place.
 C = Inter-level travel time spent in this place.
 D = Time resting spent in this place.
 E = Time spent auto-exploring this place.
 F = Levels seen in this place.
 G = Mean time per level.
                   A        B        C        D        E       F      G
               +--------+--------+--------+--------+--------+-----+--------+
         Total |   2495 |   2407 |     88 |    498 |   1548 |   3 |  831.7 |
       Dungeon |   2495 |   2407 |     88 |    498 |   1548 |   3 |  831.7 |
               +--------+--------+--------+--------+--------+-----+--------+

Top non-repeatable levels by time:
     D:2: 1103 daAuts
     D:1: 705 daAuts
     D:3: 686 daAuts
